 Dungeon Crawl Stone Soup version 0.30-a0-782-ge64f9170bb (webtiles) character file.

Game seed: 8244246936997682561

226021 Reshi88 the Warrior (level 19, 0/153 HPs)
             Began as a Djinni Fire Elementalist on Feb 20, 2023.
             Was the Champion of Qazlal.
             Slain by a +5 antimagic eveningstar (5 damage)
             ... on level 2 of the Elven Halls on Feb 21, 2023.
             The game lasted 03:31:43 (51120 turns).

Reshi88 the Warrior (Djinni Fire Elementalist)     Turns: 51120, Time: 03:31:44

Health: 0/153      AC: 23    Str:  7    XL:     19   Next: 59%
Gold:   3385       EV: 32    Int: 15    God:    Qazlal [******] SH: 13 Dex: 22

rFire   + + +      SeeInvis +    (no weapon)
rCold   x . .      Faith    .    B - orb {light}
rNeg    . . .      Spirit   .    h - +5 steam dragon scales
rPois   ∞          Reflect  +    S - +2 helmet {SInv}
rElec   +          Harm     .    m - +2 cloak
rCorr   .          Rampage  .    f - +2 pair of gloves
Will    ++...                    (boots unavailable)
Stlth   +                        y - amulet of reflection
HPRegen 0.45/turn                A - +5 ring of evasion
MPRegen 0.00/turn                H - ring of Ponuam {rElec rF+ Will+ Int-4 Dex+2}

@: protected from physical damage, flying, glowing, studying 2 skills, repel
missiles
A: sickness immunity, fire resistance 2, cold vulnerability 1, float, innate
caster, HP casting, extra vitality 1
}: 2/15 runes: barnacled, gossamer
a: Renounce Religion, Upheaval, Elemental Force, Disaster Area


You were on level 2 of the Elven Halls.
You worshipped Qazlal.
Qazlal was exalted by your worship.
You visited 6 branches of the dungeon, and saw 32 of its levels.
You also visited: Ossuary.

You collected 3749 gold pieces.
You spent 364 gold pieces at shops.

Inventory:

Hand Weapons
 C - the +0 hammer "Concordance" {heavy, rPois Dex+5}
   (You found it on level 3 of the Dungeon)

   Dex:       It affects your dexterity (+5).
   rPois:     It protects you from poison.
Missiles
 u - 3 throwing nets
 W - a boomerang of dispersal
Armour
 f - a +2 pair of gloves (worn)
 h - +5 steam dragon scales (worn)
 m - a +2 cloak (worn)
 B - an orb of light (worn)
 S - a +2 helmet of see invisible (worn)
Magical Staves
 k - a staff of poison
Jewellery
 g - an amulet of regeneration
 n - a ring of wizardry
 s - a ring of positive energy
 v - a +6 ring of strength
 w - a ring of protection from cold
 y - an amulet of reflection (around neck)
 A - a +5 ring of evasion (left hand)
 H - the ring of Ponuam (right hand) {rElec rF+ Will+ Int-4 Dex+2}
   (You found it on level 4 of the Spider Nest)

   [ring of protection from fire]

   Int:       It affects your intelligence (-4).
   Dex:       It affects your dexterity (+2).
   rF:        It protects you from fire.
   rElec:     It insulates you from electricity.
   Will:      It increases your willpower.
 U - a ring of resist corrosion
 Y - a ring of protection from cold
Wands
 a - a wand of roots (28)
 b - a wand of charming (13)
 j - a wand of polymorph (13)
 x - a wand of light (8)
 D - a wand of flame (11)
 K - a wand of digging (9)
Scrolls
 e - a scroll of silence
 i - 7 scrolls of fog
 l - 6 scrolls of poison
 t - 4 scrolls of enchant weapon
 F - 7 scrolls of fear
 L - 6 scrolls of magic mapping
 O - 2 scrolls of brand weapon
 Q - 5 scrolls of immolation
 T - 14 scrolls of identify
 V - a scroll of enchant armour
 Z - 3 scrolls of teleportation
Potions
 d - 3 potions of invisibility
 p - 3 potions of cancellation
 q - 6 potions of mutation
 r - 7 potions of attraction
 z - 2 potions of resistance
 J - 4 potions of berserk rage
 M - 10 potions of curing
 N - 6 potions of might
 P - 2 potions of brilliance
 R - 12 potions of ambrosia
Miscellaneous
 o - a piece from Xom's chessboard (15/15)
 E - a piece from Xom's chessboard (15/15)


   Skills:
 * Level 19.1 Fighting
 - Level 6.3 Maces & Flails
 + Level 4.9 Armour
 + Level 17.8 Dodging
 - Level 4.0 Stealth
 + Level 13.1 Spellcasting
 + Level 15.2 Invocations


You couldn't memorise any spells.
You knew the following spells:

 Your Spells              Type           Power      Damage    Failure   Level
a - Foxfire               Conj/Fire      100%       2x1d9     1%          1
b - Scorch                Fire           98%        2d9       1%          2
c - Kindle Blastsparks    Fire/Tloc/Air  98%        2d18      1%          3
d - Inner Flame           Hex/Fire       49%        N/A       1%          3
e - Flame Wave            Conj/Fire      49%        2d12      1%          4
f - Apportation           Tloc           98%        N/A       1%          1
g - Wereblood             Tmut           49%        N/A       1%          2
h - Ozocubu's Armour      Ice            49%        N/A       1%          3
i - Olgreb's Toxic Radia  Pois           49%        N/A       1%          4
j - Lee's Rapid Deconstr  Erth           24%        3d13*     1%          5
k - Borgnjor's Vile Clut  Necr/Erth      24%        N/A       1%          5
l - Simulacrum            Ice/Necr       24%        N/A       4%          6
m - Eringya's Noxious Bo  Tmut/Pois      24%        N/A       4%          6
n - Summon Hydra          Summ           24%        N/A       26%         7
Your spell library was empty.

Dungeon Overview and Level Annotations

Branches:
Dungeon (15/15)            Temple (0/1) D:7            Lair (5/5) D:9
 Shoals (4/4) Lair:2       Spider (4/4) Lair:3        Slime (0/5) Lair:4
    Orc (2/2) D:12            Elf (1/3) Orc:2        Vaults (0/5) D:14
Ossuary (visited)
 Depths: D:15

Altars:
Cheibriados
Dithmenos
Gozag
Qazlal
Trog
Wu Jian
Xom
Yredelemnul
Zin
The Shining One
Jiyva

Shops:
D:4 (   Orc:2 (??*   Shoals:2 *   Shoals:3 *

Annotations:
D:5 Edmund
D:7 2 runed translucent doors, MCDelver's ghost, novice OpFE
D:8 3 runed translucent doors, AppleFox63's ghost, novice DsAE
D:13 3 runed translucent doors, Wulextidd's ghost, journeyman HOCA


Innate Abilities, Weirdness & Mutations

You are immune to sickness and miasma.
You are immune to poison.
Your flesh is very heat resistant. (rF++)
You are vulnerable to cold. (rC-)
You float through the air rather than walking.
You learn spells naturally, not from books.
Your magical power is your life essence.
You have superior vitality. (+4 MHP)


Message History

The +2 flail of protection hits you!
* * * LOW HITPOINT WARNING * * *
The +5 antimagic eveningstar barely misses you.
A +4 heavy glaive comes into view.
The +6 flail of pain completely misses you.
You block the +2 flail of protection's attack.
Activating: Disaster Area (1% risk of failure)
Press: ? - help, Dir - look around, f - activate Nature churns violently around you!
The cutting wind hits the deep elf pyromancer!!
You kill the deep elf pyromancer!
Qazlal accepts your kill.
The cutting wind hits the +3 lajatang of freezing!
The +3 lajatang of freezing is severely damaged.
The blast of rubble hits the deep elf knight!!
You kill the deep elf knight!
Qazlal accepts your kill.
The blast of rubble hits the +0 scimitar of protection!
The +0 scimitar of protection is heavily damaged.
The blast of magma engulfs the +3 lajatang of freezing!!
The +3 lajatang of freezing partially resists.
The +3 lajatang of freezing falls from the air.
Qazlal accepts your kill.
The blast of magma engulfs the +6 flail of pain!!
The +6 flail of pain partially resists.
The +6 flail of pain is severely damaged.
The cutting wind hits the +2 flail of protection!!
The +2 flail of protection falls from the air.
Qazlal accepts your kill.
The blast of magma engulfs the +0 scimitar of protection!
The +0 scimitar of protection partially resists.
The +0 scimitar of protection is almost destroyed.
The blast of ice hits the +3 long sword of holy wrath!!
The +3 long sword of holy wrath partially resists.
The +3 long sword of holy wrath is almost destroyed.
The +3 long sword of holy wrath is flash-frozen.
The cutting wind hits the +6 flail of pain.
The +6 flail of pain is almost destroyed.
The +5 antimagic eveningstar hits you.
You die...

**##*##***#######*********
*,...,.##,.,.....,,,,,**,,
*,.,..#..#...........#..#.
*,...#≈≈§.#..,≈≈....#....#
*,..#.≈≈≈.(#§§)≈...#......
*,,#≈≈..☼@(.#,....#.......
*,#≈≈..§§)(§.#...#........
**...≈.○§)§§§.#*#....e....
*......§§.≈≈§# #..(.)(...
**.......≈.†).#*#..(..e...
*,#......≈..≈#≈e.#...(e...
*,.#........#(≈(..#.......
*,,.#....(.#.○≈....#.(....
*,,,,*,,,,*,,,☼,....#....#


You could see a deep elf zephyrmancer and 6 dancing weapons.

Vanquished Creatures
  Nikola (Shoals:2)
  Arachne (Spider:2)
  Polyphemus (Shoals:2)
  A kraken (Shoals:3)
  Kirke (Spider:2)
  2 sphinxes (Shoals:4)
  5 emperor scorpions
  The ghost of Kotayh the Severer, a journeyman MiBe of Trog (D:14)
  2 ghost moths (Spider:2)
  A very ugly thing (D:13)
  3 broodmothers (Spider:3)
  A dire elephant (Lair:1)
  2 minotaurs (Shoals:4)
  An ettin (D:15)
  3 merfolk impalers
  Josephine (D:11)
  A merfolk javelineer (Shoals:3)
  7 entropy weavers
  A hydra (D:12)
  The ghost of jazmu the Skirmisher, a journeyman DsHu of Okawaru (D:9)
  A catoblepas (Shoals:2)
  Erolcha (D:11)
  4 centaur warriors
  A merfolk avatar (Shoals:4)
  A jorogumo (Spider:2)
  Erica (D:11)
  5 radroaches
  5 two-headed ogres
  The ghost of Chingon the Basher, a novice MiFi of the Shining One (D:9)
  10 merfolk aquamancers
  10 death yaks
  10 satyrs
  11 boulder beetles
  The ghost of jazmu the Blocker, a novice DsHu of Okawaru (D:9)
  4 dancing weapons
  5 orc high priests
  4 deep elf knights (Elf:2)
  Amaemon (Lair:1)
  The ghost of MCDelver the Arsonist, a novice OpFE of Gozag (D:9)
  8 pharaoh ants
  4 skysharks
  2 deep trolls (D:15)
  7 orb spiders
  A deep elf archer (Elf:1)
  8 sea snakes
  2 sun moths
  6 steelbarb worms
  3 deep elf pyromancers
  3 wizards
  8 wolf spiders
  A deep elf zephyrmancer (Elf:2)
  3 necromancers
  3 harpies (Shoals:4)
  3 orc sorcerers (Orc:1)
  7 cyclopes
  16 manticores
  Maurice (D:12)
  25 fauns
  22 ugly things
  8 elephants (Lair:4)
  A moth of wrath (Spider:3)
  5 merfolk sirens
  6 water nymphs
  4 black mambas (Lair:5)
  Joseph (Lair:1)
  5 torpor snails
  8 demonic crawlers
  A gargoyle (D:13)
  An orange demon (Lair:1)
  14 cane toads
  11 rime drakes
  A freezing wraith (D:15)
  3 kobold demonologists (D:12)
  7 komodo dragons
  An efreet (D:14)
  8 trolls
  20 merfolk
  2 tengu conjurers (D:13)
  A queen bee (Lair:1)
  Grinder (D:3)
  4 polar bears
  9 meliai
  12 tarantellas
  9 hornets
  5 wind drakes
  16 dream sheep
  8 blink frogs
  8 snapping turtles
  18 jumping spiders
  22 water elementals
  Sigmund (D:2)
  9 culicivoras
  A wyvern (D:9)
  14 slime creatures
  26 yaks
  A centaur simulacrum (D:15)
  2 shadows
  12 spriggans (Lair:5)
  A vampire (D:11)
  6 wraiths
  3 hogs (Spider:2)
  57 redbacks
  6 basilisks
  Menkaure (D:4)
  7 vampire mosquitoes
  7 steam dragons
  2 acid dragons
  A two-headed ogre zombie (D:12)
  Duvessa (D:5)
  16 water moccasins
  9 black bears
  17 orc warriors
  An ice beast (D:5)
  4 ogres
  4 boggarts (Lair:5)
  4 centaurs
  31 wolves
  3 phantoms
  Blork the orc (D:4)
  3 kobold brigands
  5 necrophages
  15 bullfrogs
  2 scorpions
  2 gnoll sergeants
  12 wights
  A troll zombie (D:12)
  Dowan (D:5)
  38 killer bees
  An electric eel (Lair:4)
  5 howler monkeys
  6 hounds
  4 jellies
  Crazy Yiuf (D:3)
  32 orc priests
  A gnoll bouda (D:5)
  10 iguanas
  30 orc wizards
  6 ogre zombies (D:12)
  3 mummies (Ossuary)
  17 gnolls
  10 adders
  A shadow imp (D:7)
  3 worms
  4 dart slugs
  67 orcs
  7 endoplasms
  5 giant cockroaches
  11 goblins
  10 hobgoblins
  4 jackals (D:1)
  2 quokkas (D:1)
  A ball python (D:2)
  4 bats
  A frilled lizard (D:1)
  A goblin skeleton (D:12)
  4 goblin zombies
  3 hobgoblin skeletons (D:12)
  3 hobgoblin zombies (Ossuary)
  18 kobolds
  3 kobold zombies (Ossuary)
  2 orc skeletons (D:12)
  17 orc zombies
  5 rats
  A spectral orc (D:7)
  2 bushes
  2 butterflies (D:5)
  41 foxfires
  3 tentacles (Shoals:3)
1145 creatures vanquished.

Vanquished Creatures (collateral kills)
  A harpy (Shoals:4)
  A faun (Shoals:4)
  A torpor snail (Spider:3)
  25 foxfires
28 creatures vanquished.

Vanquished Creatures (others)
  A satyr (Shoals:2)
  Sonja (Lair:3)
  4 fauns (Shoals:2)
  A human (Spider:2)
  A bullfrog (D:6)
  2 bushes (Lair:1)
  2997 foxfires
  27 fungi
  107 plants
  5 tentacles (Shoals:3)
  2 withered plants (D:9)
3148 creatures vanquished.

Grand Total: 4321 creatures vanquished

Notes
Turn   | Place    | Note
-------+----------+-------------------------------------------
     0 | D:1      | Reshi88 the Djinni Fire Elementalist began the quest for
                  | the Orb.
     0 | D:1      | Reshi88 set off with the following spells memorised:
                  | Foxfire, Scorch, Kindle Blastsparks, Inner Flame, Flame
                  | Wave.
     0 | D:1      | Reached XP level 1. HP: 15/15 MP: 0/0
    56 | D:1      | Reached XP level 2. HP: 17/21 MP: 0/0
   108 | D:1      | Found a faded altar of an unknown god.
   200 | D:1      | Reached XP level 3. HP: 25/25 MP: 0/0
   200 | D:1      | Learned a level 1 spell: Apportation
   822 | D:2      | Noticed Sigmund
  1036 | D:2      | Reached XP level 4. HP: 29/31 MP: 0/0
  1198 | D:2      | HP: 1/31 [something (6)]
  1201 | D:2      | Killed Sigmund
  1202 | D:2      | Reached XP level 5. HP: 12/35 MP: 0/0
  1202 | D:2      | Learned a level 2 spell: Wereblood
  1202 | D:2      | Reached XP level 6. HP: 14/40 MP: 0/0
  2372 | D:3      | Noticed Grinder
  2388 | D:3      | Paralysed by Grinder for 2 turns
  2403 | D:3      | Killed Grinder
  2404 | D:3      | Reached XP level 7. HP: 43/45 MP: 0/0
  2404 | D:3      | Learned a level 3 spell: Ozocubu's Armour
  2707 | D:3      | Found a runed translucent door.
  2708 | D:3      | Noticed Crazy Yiuf
  2728 | D:3      | Killed Crazy Yiuf
  2742 | D:3      | Identified the +0 hammer "Concordance" {heavy, rPois Dex+5}
  3007 | D:4      | Identified the +0 chain mail of Charmed Joy {rN+}
  3037 | D:4      | Noticed Menkaure
  3070 | D:4      | Noticed Blork the orc
  3074 | D:4      | Killed Menkaure
  3094 | D:4      | Killed Blork the orc
  3095 | D:4      | Reached skill level 1 in Maces & Flails
  3095 | D:4      | Reached XP level 8. HP: 44/50 MP: 0/0
  3256 | D:4      | Reached skill level 5 in Dodging
  3268 | D:4      | Found Maps's Weapon Emporium.
  3365 | D:4      | Reached skill level 1 in Fighting
  3365 | D:4      | Reached skill level 5 in Spellcasting
  3661 | D:4      | Reached skill level 2 in Fighting
  4104 | D:5      | Entered Level 5 of the Dungeon
  4165 | D:5      | Noticed Edmund
  4265 | D:5      | Found an ornate altar of the Wu Jian Council.
  4368 | D:5      | Reached skill level 3 in Fighting
  4540 | D:5      | Reached XP level 9. HP: 58/61 MP: 0/0
  4540 | D:5      | Learned a level 4 spell: Olgreb's Toxic Radiance
  4545 | D:5      | Found a shimmering altar of Xom.
  4566 | D:5      | Found a stormy altar of Qazlal.
  4588 | D:5      | Became a worshipper of Qazlal Stormbringer
  4628 | D:5      | Reached skill level 4 in Fighting
  4773 | D:5      | Noticed Duvessa
  4773 | D:5      | Noticed Dowan
  4781 | D:5      | Killed Duvessa
  4785 | D:5      | Killed Dowan
  5375 | D:6      | Found a glowing silver altar of Zin.
  5506 | D:6      | Reached * piety under Qazlal
  5510 | D:5      | Reached skill level 5 in Fighting
  5683 | D:6      | Found a bloodstained altar of Trog.
  5846 | D:6      | Reached XP level 10. HP: 62/72 MP: 0/0
  6030 | D:6      | Reached skill level 6 in Fighting
  6083 | D:6      | Found a glowing golden altar of the Shining One.
  6218 | D:7      | Reached ** piety under Qazlal
  6294 | D:7      | Found a staircase to the Ecumenical Temple.
  6329 | D:7      | Found a large runed translucent door.
  6336 | D:7      | Found a large runed translucent door.
  6496 | D:7      | Reached skill level 7 in Fighting
  6583 | D:7      | You are sucked into a shaft and drop 2 floors!
  6648 | D:9      | Noticed a manticore
  6654 | D:9      | Killed a manticore
  6697 | D:9      | Reached XP level 11. HP: 66/80 MP: 0/0
  6697 | D:9      | Learned a level 5 spell: Lee's Rapid Deconstruction
  6717 | D:9      | Reached *** piety under Qazlal
  6718 | D:9      | Reached skill level 8 in Fighting
  6883 | D:8      | Noticed AppleFox63's ghost (novice DsAE)
  6946 | D:8      | Found a sand-covered staircase.
  6953 | Ossuary  | Entered an ossuary
  7504 | D:8      | Found a shadowy altar of Dithmenos.
  7676 | D:8      | Found a runed translucent gate.
  7677 | D:8      | Found a runed translucent gate.
  7678 | D:8      | Found a runed translucent gate.
  8155 | D:7      | Reached skill level 5 in Maces & Flails
  8297 | D:7      | Found a basalt altar of Yredelemnul.
  8400 | D:7      | Noticed MCDelver's ghost (novice OpFE)
  8671 | D:9      | Found a runed translucent gate.
  8672 | D:9      | Found a runed translucent gate.
  8675 | D:9      | Found a runed translucent gate.
  8676 | D:9      | Noticed MCDelver's ghost (novice OpFE)
  8677 | D:9      | Noticed Chingon's ghost (novice MiFi)
  8677 | D:9      | Noticed jazmu's ghost (novice DsHu)
  8677 | D:9      | Noticed jazmu's ghost (journeyman DsHu)
  8695 | D:9      | Noticed a two-headed ogre
  8703 | D:9      | Killed a two-headed ogre
  8803 | D:9      | Found a staircase to the Lair.
  8864 | D:9      | Found a snail-covered altar of Cheibriados.
  9000 | D:9      | Reached **** piety under Qazlal
  9371 | D:10     | Entered Level 10 of the Dungeon
  9468 | D:10     | Reached skill level 9 in Fighting
  9705 | D:10     | Noticed a two-headed ogre
  9711 | D:10     | Killed a two-headed ogre
 10071 | D:11     | Noticed a purple ugly thing
 10081 | D:11     | Killed a purple ugly thing
 10201 | D:11     | Reached XP level 12. HP: 82/90 MP: 0/0
 10243 | D:11     | Noticed Erica
 10260 | D:11     | Killed Erica
 11041 | D:11     | Noticed Erolcha
 11048 | D:11     | Killed Erolcha
 11049 | D:11     | Reached skill level 10 in Fighting
 11731 | D:12     | Reached ***** piety under Qazlal
 11744 | D:12     | Found a staircase to the Orcish Mines.
 12039 | D:12     | Found an opulent altar of Gozag.
 12356 | D:12     | Noticed Josephine
 12583 | D:11     | Killed Josephine
 12870 | D:11     | Reached skill level 11 in Fighting
 12980 | D:12     | Reached XP level 13. HP: 80/99 MP: 0/0
 12980 | D:12     | Learned a level 5 spell: Borgnjor's Vile Clutch
 13036 | D:12     | Reached skill level 1 in Invocations
 13082 | D:12     | Reached skill level 10 in Dodging
 13584 | D:12     | Noticed a seven-headed hydra
 13593 | D:12     | Killed a seven-headed hydra
 13594 | D:12     | Reached skill level 10 in Spellcasting
 14491 | D:13     | Found a runed translucent gate.
 14491 | D:13     | Found a runed translucent gate.
 14491 | D:13     | Found a runed translucent gate.
 14493 | D:13     | Noticed an acid blob
 14493 | D:13     | Noticed an azure jelly
 14494 | D:13     | Noticed an azure jelly
 14494 | D:13     | Found a viscous altar of Jiyva.
 14494 | D:13     | Noticed a quicksilver ooze
 14494 | D:13     | Noticed an azure jelly
 14494 | D:13     | Noticed an azure jelly
 14494 | D:13     | Noticed Wulextidd's ghost (journeyman HOCA)
 14494 | D:13     | Noticed an azure jelly
 14813 | D:13     | Noticed a centaur warrior
 14822 | D:12     | Reached skill level 12 in Fighting
 15038 | D:13     | Killed a centaur warrior
 15039 | D:13     | Reached skill level 5 in Invocations
 15401 | D:13     | Noticed a white very ugly thing
 15412 | D:13     | Killed a white very ugly thing
 16006 | Orc:1    | Entered Level 1 of the Orcish Mines
 16020 | Orc:1    | Noticed Maurice
 16031 | D:12     | Killed Maurice
 16573 | Orc:1    | Paralysed by an orc sorcerer for 5 turns
 16726 | Orc:2    | Entered Level 2 of the Orcish Mines
 16734 | Orc:2    | Reached XP level 14. HP: 91/108 MP: 0/0
 17173 | Orc:2    | Reached ****** piety under Qazlal
 18672 | Orc:2    | Found a staircase to the Elven Halls.
 18739 | Orc:2    | Found Geclius's Magic Scroll Boutique.
 18739 | Orc:2    | Found Nacai's Antique Weapon Shop.
 18740 | Orc:2    | Found Xayrch's Magic Scroll Shop.
 18744 | Orc:2    | Found Aptul's General Store.
 18915 | Orc:2    | Bought a scroll of identify for 30 gold pieces
 18915 | Orc:2    | Bought a scroll of identify for 30 gold pieces
 18915 | Orc:2    | Bought a scroll of identify for 30 gold pieces
 18915 | Orc:2    | Bought a scroll of identify for 30 gold pieces
 18915 | Orc:2    | Bought a scroll of identify for 30 gold pieces
 18922 | Orc:2    | Bought a scroll of identify for 26 gold pieces
 18922 | Orc:2    | Bought a scroll of identify for 26 gold pieces
 18922 | Orc:2    | Bought a scroll of identify for 26 gold pieces
 19159 | D:13     | Reached skill level 13 in Fighting
 20194 | Lair:1   | Entered Level 1 of the Lair of Beasts
 20493 | Lair:1   | Noticed Amaemon
 20506 | Lair:1   | Killed Amaemon
 20602 | Lair:1   | Noticed a dire elephant
 20616 | Lair:1   | Killed a dire elephant
 21172 | Lair:1   | Noticed Joseph
 21177 | Lair:1   | Killed Joseph
 22721 | Lair:2   | Found a staircase to the Shoals.
 23388 | Lair:2   | Reached XP level 15. HP: 109/116 MP: 0/0
 23388 | Lair:2   | Learned a level 6 spell: Simulacrum
 23908 | Lair:3   | Found a hole to the Spider Nest.
 24328 | Lair:3   | Reached skill level 14 in Fighting
 24435 | Lair:3   | Noticed Sonja
 24443 | Lair:3   | Killed Sonja
 25501 | Lair:4   | Found a staircase to the Slime Pits.
 25840 | Lair:4   | Reached skill level 10 in Invocations
 26546 | Lair:5   | Entered Level 5 of the Lair of Beasts
 27048 | Lair:5   | Reached skill level 15 in Fighting
 28062 | Lair:5   | Reached XP level 16. HP: 91/126 MP: 0/0
 29437 | D:9      | Killed MCDelver's ghost
 29442 | D:9      | Killed Chingon's ghost
 29445 | D:9      | Killed jazmu's ghost
 29446 | D:9      | Killed jazmu's ghost
 29469 | D:9      | Identified the +5 glaive of Karma {flame, Int+3}
 29553 | D:10     | Identified a scroll of acquirement
 29554 | D:10     | Acquired a manual of Dodging
 29934 | D:14     | Found a runed translucent gate.
 29934 | D:14     | Found a runed translucent gate.
 29934 | D:14     | Found a runed translucent gate.
 29935 | D:14     | Noticed Kotayh's ghost (journeyman MiBe)
 30349 | D:14     | Found a gate to the Vaults.
 30672 | D:14     | Killed Kotayh's ghost
 30969 | D:15     | Entered Level 15 of the Dungeon
 32109 | Spider:1 | Entered Level 1 of the Spider Nest
 32988 | Spider:1 | Reached skill level 16 in Fighting
 34854 | Spider:2 | Noticed Kirke
 34944 | Spider:2 | Killed Kirke
 35063 | Spider:2 | Noticed Arachne
 35106 | Spider:2 | Killed Arachne
 35107 | Spider:2 | Reached XP level 17. HP: 60/134 MP: 0/0
 35107 | Spider:2 | Learned a level 6 spell: Eringya's Noxious Bog
 39079 | Spider:4 | Entered Level 4 of the Spider Nest
 39089 | Spider:4 | Reached skill level 15 in Dodging
 39216 | Spider:3 | Reached skill level 17 in Fighting
 41277 | Spider:4 | Identified the ring of Ponuam {rElec rF+ Will+ Int-4 Dex+2}
 41407 | Spider:4 | HP: 5/136 [meliai/+0 war axe (5)]
 42295 | Spider:4 | Reached XP level 18. HP: 119/143 MP: 0/0
 43263 | Spider:4 | Got a gossamer rune of Zot
 43858 | Shoals:1 | Entered Level 1 of the Shoals
 45400 | Shoals:2 | Noticed Polyphemus
 45403 | Shoals:2 | Reached skill level 1 in Armour
 45412 | Shoals:2 | Killed Polyphemus
 45941 | Shoals:2 | Noticed Nikola
 45960 | Shoals:1 | Reached skill level 18 in Fighting
 46450 | Shoals:2 | Found Eeraehupt's Eclectic Emporium.
 46951 | Shoals:2 | Killed Nikola
 47559 | Shoals:3 | Noticed a kraken
 47569 | Shoals:3 | Killed a kraken
 47763 | Shoals:3 | Found Ethir's General Store.
 47771 | Shoals:3 | Bought a scroll of teleportation for 39 gold pieces
 47771 | Shoals:3 | Bought a scroll of magic mapping for 97 gold pieces
 48615 | Shoals:4 | Entered Level 4 of the Shoals
 48636 | Shoals:4 | Reached XP level 19. HP: 105/151 MP: 0/0
 48636 | Shoals:4 | Learned a level 7 spell: Summon Hydra
 49103 | Shoals:4 | Reached skill level 15 in Invocations
 50163 | Shoals:4 | Reached skill level 19 in Fighting
 50259 | Shoals:4 | Got a barnacled rune of Zot
 50750 | Elf:1    | Entered Level 1 of the Elven Halls
 51107 | Elf:1    | You are sucked into a shaft and drop 1 floor!
 51120 | Elf:2    | Slain by a +5 antimagic eveningstar

Illustrated notes

Levels and vault maps discovered:
D:1:      minmay_arrival_jagged, layout_rooms, ebering_ecumenical_altar_ruins
D:2:      layout_basic, uniq_sigmund
D:3:      layout_loops_cross, roderic_cross_of_infinity, chequers_garden,
          dreamdust_wishing_well, uniq_grinder, uniq_crazy_yiuf_cottage
D:4:      layout_loops_ring, serial_shops, shop_statue,
          minmay_misc_feat_more_columns, uniq_menkaure, uniq_blork_the_orc
D:5:      dreamdust_elfheim, layout_basic, xom_butterflies,
          nicolae_qazlal_scattered_showers, jmf_multi_god_temple, hex_large,
          uniq_edmund
D:6:      layout_rooms, trog_hazing_becter, mainiacjoe_overflow_boulevard,
          nicolae_tso_swordbearing_angel, minmay_unpleasant_kobolds
D:7:      layout_cave_pools, yredelemnul_forgotten_temple_becter,
          minmay_temple_entry_sparse_star, ebering_ghost_disaster_area,
          grunt_ministairs_8
D:8:      layout_loops_ring, mainiacjoe_overflow_large_starburst,
          gammafunk_ghost_split, chequers_ossuary_entry_cave
D:9:      layout_gridville, cheibrodos_worm_habitat, minmay_lair_entry_grove,
          gammafunk_ghost_cemetery
D:10:     layout_gridville
D:11:     layout_roguey, hangedman_glass_teeth, serial_bayou_crossing,
          uniq_erolcha, uniq_erica
D:12:     layout_basic, zombieorc2_lemuel, nicolae_gozag_seed_capital,
          uniq_josephine
D:13:     cheibrodos_breeding_chamber, layout_small_grid, gammafunk_ghost_ooze
D:14:     layout_rooms, david_vaults_1, ebering_ghost_rock_garden,
          hangedman_decor_diamond_cutter, nrook_mini_backslash
D:15:     hangedman_depths_entry_civil_slaughter, layout_stronghold,
          moated_statue, gammafunk_ghost_arena
Lair:1:   layout_cave_pods, special_room [special_room_bee],
          nicolae_lair_grazing_beasts [nicolae_sub_lair_graze_edge,
          nicolae_sub_lair_graze_edge, nicolae_sub_lair_graze_edge,
          nicolae_sub_lair_graze_edge], uniq_joseph, uniq_amaemon
Lair:2:   layout_layer_cave, minmay_shoals_entry_hut
Lair:3:   layout_long_grid, nicolae_spider_entry_lesser_pyramids,
          bobbens_dragon_lair_wall, uniq_sonja
Lair:4:   layout_regular_city, minmay_slime_entry_pillars, serial_bayou_shore_a
Lair:5:   minmay_lair_end_enchanted_forest, layout_loops_ring,
          grunt_megastairs_1
Shoals:1: layout_shoals, nicolae_shoals_nautilus_by_nature
Shoals:2: layout_shoals, nicolae_alphabet_shops, nicolae_shoals_aquamancer_cove,
          uniq_nikola, uniq_polyphemus
Shoals:3: layout_shoals, serial_shops, shop
Shoals:4: shoals_end_hellmonk_lost_city
Spider:1: layout_spider_delve
Spider:2: nicolae_spider_mines_3, nicolae_spider_wall_of_niches, uniq_kirke,
          uniq_arachne
Spider:3: layout_spider_delve
Spider:4: hellmonk_spider_rune_bug_friends
Orc:1:    layout_caves, uniq_maurice
Orc:2:    st_orc_mages, layout_caves, mines2_david
Elf:1:    layout_geoelf_grid, orc_legates, uniq_donald
Elf:2:    nicolae_elf_blades_splatter_lattice [nicolae_blade_bullseye],
          layout_geoelf_octagon, serial_shops, shop, nicolae_shop_trees,
          uniq_zenata, uniq_azrael, uniq_aizul

Skill      XL: |  1  2  3  4  5  6  7  8  9 10 11 12 13 14 15 16 17 18 19 |
---------------+----------------------------------------------------------+-----
Stealth        | 2 3 4 |  4.0
Dodging        | 3 4 5 6 7 8 9 10 11 12 14 15 17 | 17.8
Spellcasting   | 3 4 5 6 7 8 9 10 11 12 13 | 13.1
Maces & Flails | 1 2 3 4 5 6 |  6.3
Fighting       | 3 5 7 9 11 12 13 15 16 17 18 19 | 19.1
Invocations    | 6 8 10 12 14 15 | 15.2
Armour         | 3 4 |  4.9

Action                     |  1- 3 |  4- 6 |  7- 9 | 10-12 | 13-15 | 16-18 | 19-21 || total
---------------------------+-------+-------+-------+-------+-------+-------+-------++-------
  Melee: Unarmed           |     1 |       |       |       |       |       |       ||     1
         Dagger            |     2 |       |       |       |       |       |       ||     2
         Mace              |       |       |     4 |    45 |    53 |     3 |       ||   105
         Punch             |       |       |       |     1 |       |       |       ||     1
         Staff             |       |       |       |       |       |     1 |       ||     1
  Throw: Boomerang         |       |       |       |     1 |     3 |    10 |       ||    14
         Dart              |       |       |       |       |       |     7 |       ||     7
         Throwing net      |       |       |       |       |       |     3 |       ||     3
   Cast: Foxfire           |    59 |    78 |   216 |   250 |   672 |   502 |    72 ||  1849
         Kindle Blastspark |     1 |       |    13 |    18 |       |     5 |       ||    37
         Ozocubu's Armour  |       |       |     3 |     6 |     1 |     4 |       ||    14
         Scorch            |       |       |    37 |   152 |   226 |   463 |    85 ||   963
         Inner Flame       |       |       |     3 |       |       |     2 |       ||     5
         Olgreb's Toxic Ra |       |       |    13 |    15 |    77 |    76 |    31 ||   212
         Flame Wave        |       |       |       |    19 |    34 |   131 |    20 ||   204
         Lee's Rapid Decon |       |       |       |    37 |    21 |    20 |       ||    78
         Borgnjor's Vile C |       |       |       |       |    41 |    19 |     2 ||    62
         Simulacrum        |       |       |       |       |     2 |     1 |       ||     3
         Eringya's Noxious |       |       |       |       |       |     7 |     3 ||    10
         Summon Hydra      |       |       |       |       |       |       |     2 ||     2
 Invoke: Upheaval          |       |       |       |       |       |     1 |       ||     1
         Elemental Force   |       |       |       |       |       |     1 |       ||     1
         Disaster Area     |       |       |       |       |       |       |     2 ||     2
  Evoke: Wand              |       |       |       |       |       |    43 |       ||    43
    Use: Scroll            |       |     2 |     6 |    18 |    12 |    10 |     2 ||    50
         Potion            |       |     1 |     2 |       |     1 |     6 |     1 ||    11
 Armour: Robe              |     1 |     3 |    13 |       |       |       |       ||    17
         Steam dragon scal |       |       |     7 |    49 |    46 |   168 |    15 ||   285
  Dodge: Dodged            |     2 |    13 |    77 |   187 |   271 |   901 |   115 ||  1566
         Repelled          |       |       |       |     1 |     1 |    13 |     3 ||    18
  Block: Other             |       |       |     1 |    33 |       |       |       ||    34
         Orb               |       |       |       |    73 |   237 |   598 |    84 ||   992
         Reflection        |       |       |       |     3 |    26 |    36 |    25 ||    90

Table legend: (Time is in decaauts)
 A = Elapsed time spent in this place.
 B = Non-inter-level travel time spent in this place.
 C = Inter-level travel time spent in this place.
 D = Time resting spent in this place.
 E = Time spent auto-exploring this place.
 F = Levels seen in this place.
 G = Mean time per level.
                   A        B        C        D        E       F      G
               +--------+--------+--------+--------+--------+-----+--------+
         Total |  51299 |  47920 |   3379 |  21340 |  19079 |  33 | 1554.5 |
       Dungeon |  19731 |  18646 |   1085 |   6719 |   8560 |  15 | 1315.4 |
          Lair |   9360 |   8954 |    406 |   3400 |   4287 |   5 | 1872.0 |
        Shoals |   6725 |   6447 |    278 |   2608 |   2842 |   4 | 1681.2 |
   Spider Nest |  11744 |  10429 |   1315 |   6607 |   2559 |   4 | 2936.0 |
  Orcish Mines |   2924 |   2629 |    295 |   1712 |    595 |   2 | 1462.0 |
   Elven Halls |    369 |    369 |      0 |    294 |      4 |   2 |  184.5 |
       Ossuary |    443 |    443 |      0 |      0 |    232 |   1 |  443.0 |
               +--------+--------+--------+--------+--------+-----+--------+

Top non-repeatable levels by time:
Spider:3: 5356 daAuts
    D:13: 3109 daAuts
Spider:1: 2731 daAuts
  Lair:5: 2627 daAuts
    D:11: 2399 daAuts
Spider:2: 2235 daAuts
  Lair:1: 1969 daAuts
   Orc:1: 1968 daAuts
    D:12: 1958 daAuts
Shoals:1: 1952 daAuts
  Lair:2: 1920 daAuts
Shoals:4: 1646 daAuts
     D:9: 1635 daAuts
Shoals:3: 1568 daAuts
Shoals:2: 1557 daAuts
